AoeStats
← Bingus The Flamingus

Arabia

508362645Analyzed
2v2 RM · 10d ago on Sep 22, 2026· 33m 33s· 4 players
Game mode
Random Map
Map size
Medium (4 player)
Population
200
Speed
Normal
Resources
Standard
Victory
Conquest
Starting age
Dark Age
Ending age
Imperial Age
RankedLock teamsTeams togetherTeam positionsShared explorationLock speedFull tech treeHidden civsTurbo modeCheats
Victory
Defeat
🇨🇦 Magyars · Canada
896
+14
🇮🇱 Ethiopians · Israel
889
+14
🇵🇪 Lithuanians · Peru
868
-14
🇵🇪 Bohemians · Peru
839
-14
Fer1024
9:44 Loom
11:30 Feudal Age
23:58 Castle Age
24:33 Pikeman
25:19 Squires
28:50 Wheelbarrow
29:34 Double-Bit Axe
31:54 Elite Skirmisher
Henzo
11:00 Feudal Age
13:45 Loom
17:13 Man-at-Arms
19:54 Fletching
27:19 Castle Age
27:48 Elite Skirmisher
29:18 Double-Bit Axe
30:28 Bow Saw
31:37 Padded Archer Armor
31:32 Pikeman
Chimpanzee
6:17 Loom
12:41 Feudal Age
16:40 Fletching
17:14 Padded Archer Armor
23:30 Castle Age
23:33 Double-Bit Axe
23:36 Crossbowman
24:22 Thumb Ring
24:14 Bodkin Arrow
26:10 Leather Archer Armor
27:18 Ballistics
Bingus The Flamingus
8:27 Loom
10:47 Feudal Age
11:26 Horse Collar
11:32 Double-Bit Axe
15:24 Scale Mail Armor
17:54 Bloodlines
23:37 Castle Age
28:00 Scale Barding Armor
31:56 Chain Barding Armor
Connection lost

Rejoining the realm…

Still unreachable

The connection could not be restored.

Session expired

The server has moved on; the page needs a fresh start.